 Dungeon Crawl Stone Soup version 0.26-a0-602-gd42a14c23b (webtiles) character file.

Game seed: 2417297130650484503

941 Hores the Digger (level 8, -1/41 HPs)
             Began as a Gargoyle Earth Elementalist on Aug 30, 2020.
             Slain by a mummy (15 damage)
             ... in an ossuary.
             The game lasted 00:09:44 (5210 turns).

Hores the Digger (Gargoyle Earth Elementalist)      Turns: 5210, Time: 00:09:45

Health: -1/41      AC: 10    Str: 11    XL:     8   Next: 12%
Magic:  13/15      EV: 12    Int: 19    God:
Gold:   244        SH:  5    Dex: 10    Spells: 13/17 levels left

rFire    . . .     SeeInvis .   d - +1 mace
rCold    . . .     Faith    .   (no shield)
rNeg     + . .     Spirit   .   c - +0 robe
rPois    ∞         Reflect  +   (no helmet)
rElec    +         Harm     .   (no cloak)
rCorr    .                      i - +2 pair of gloves
MR       .....                  (no boots)
Stlth    ++........             g - amulet of reflection
HPRegen  0.13/turn              (no ring)
MPRegen  0.14/turn              (no ring)

@: mighty
A: negative energy resistance 1, electricity resistance, unbreathing,
petrification resistance, rot immunity, AC +5
a: no special abilities


You were in an ossuary.
You visited 1 branch of the dungeon, and saw 5 of its levels.
You also visited: Ossuary.

You collected 244 gold pieces.

Inventory:

Hand Weapons
 d - a +1 mace (weapon)
 s - a +2 dire flail of protection
 w - a +0 morningstar
Missiles
 b - 97 stones (quivered)
Armour
 c - a +0 robe (worn)
 i - a +2 pair of gloves (worn)
Magical Staves
 v - an uncursed staff of conjuration {unknown}
Jewellery
 g - an amulet of reflection (around neck)
Wands
 n - a wand of flame (8)
 u - a wand of polymorph (5)
Scrolls
 a - a scroll of remove curse
 f - a scroll of enchant weapon
 h - a scroll of magic mapping
 o - 2 scrolls of fear
 q - a scroll of enchant armour
 t - a scroll of identify
Potions
 e - a potion of curing
 j - 5 potions of flight
 k - a potion of invisibility
 l - a potion of berserk rage
 m - 3 potions of brilliance
 p - a potion of magic
 r - a potion of might


   Skills:
 - Level 1.5 Dodging
 - Level 2.1 Stealth
 + Level 5.2 Spellcasting
 + Level 5.2 Conjurations
   Level 0.7 Transmutations
 + Level 7.4 Earth Magic


You had 13 spell levels left.
You knew the following spells:

 Your Spells              Type           Power        Failure   Level
a - Sandblast             Erth           ####..       1%          1
b - Stone Arrow           Conj/Erth      ####..       2%          3

Your spell library contained the following spells:

 Spells                   Type           Power        Failure   Level
 Passwall                 Tmut/Erth      ###.....     3%          2
 Lee's Rapid Deconstruct  Erth           ####......   16%         5
 Petrify                  Tmut/Erth      ###.....     22%         4


Dungeon Overview and Level Annotations

Branches:
Dungeon (5/15)            Ossuary (1/1)
 Temple: D:4-7

Altars:

Annotations:
D:4 2 transporters, Sickboy's ghost, novice HOFi


Innate Abilities, Weirdness & Mutations

You are resistant to torment.
Your stone body is resilient. (AC +5)
You are immune to poison.
You resist negative energy. (rN+)
You are resistant to electric shocks. (rElec)
You can survive without breathing.
You are immune to petrification.
You are immune to rotting.


Message History

Confirm with . or Enter, or press ? or * to list all spells.
Aiming: Sandblast (safe; 1% risk of failure)
Press: ? - help, Shift-Dir - straight line, f/p - mummy
Aim: a mummy (heavily damaged)
The blast of sand hits the mummy!
You destroy the mummy!
b - 98 stones The mummy hits you!
* * * LOW HITPOINT WARNING * * *
You feel better. The mummy barely misses you.
Casting: Sandblast (safe; 1% risk of failure)
Confirm with . or Enter, or press ? or * to list all spells.
Aiming: Sandblast (safe; 1% risk of failure)
Press: ? - help, Shift-Dir - straight line, f - mummy
Aim: a mummy The blast of sand hits the mummy.
The mummy is moderately damaged.
b - 97 stones The mummy hits you!
You die...

+# .+
#####.###
#..M#.'.#
#.∩@M.#
#∩..#.'.#
#####.###
.+ .# .+
M# .'


You could see 2 mummies.

Vanquished Creatures
  Grinder (D:3)
  Sigmund (D:3)
  Edmund (D:5)
  A water moccasin (D:5)
  A phantom (D:5)
  A howler monkey (D:4)
  A bullfrog skeleton (D:4)
  An orc wizard (D:5)
  A worker ant (D:4)
  A mummy (Ossuary)
  4 adders
  An ufetubus (D:5)
  2 oozes
  4 worms
  3 dart slugs
  4 leopard geckos
  3 orcs (D:5)
  5 giant cockroaches
  5 goblins
  10 hobgoblins
  7 jackals
  4 quokkas
  2 ball pythons
  6 bats
  3 frilled lizards
  6 kobolds
  A leopard gecko skeleton (D:5)
  A quokka skeleton (D:5)
  7 rats
88 creatures vanquished.

Vanquished Creatures (others)
  3 withered plants (Ossuary)
3 creatures vanquished.

Grand Total: 91 creatures vanquished

Notes
Turn   | Place    | Note
-------+----------+-------------------------------------------
     0 | D:1      | Hores the Gargoyle Earth Elementalist began the quest for
                  | the Orb.
     0 | D:1      | Reached XP level 1. HP: 10/10 MP: 3/3
     6 | D:1      | Noticed a hound
     6 | D:1      | Noticed a lindwurm
     7 | D:1      | Noticed an iguana
     7 | D:1      | Noticed a black bear
   550 | D:1      | Reached skill level 4 in Earth Magic
   550 | D:1      | Reached XP level 2. HP: 5/15 MP: 3/5
  1347 | D:1      | Reached XP level 3. HP: 19/19 MP: 6/6
  1352 | D:1      | Learned a level 3 spell: Stone Arrow
  2545 | D:2      | Reached skill level 1 in Conjurations
  2678 | D:2      | Reached XP level 4. HP: 24/24 MP: 5/8
  3443 | D:3      | Reached skill level 5 in Earth Magic
  3699 | D:3      | Noticed Sigmund
  3710 | D:3      | Killed Sigmund
  3710 | D:3      | Reached XP level 5. HP: 14/28 MP: 3/10
  3710 | D:3      | Reached XP level 6. HP: 16/32 MP: 3/11
  4126 | D:4      | Noticed Grinder
  4134 | D:3      | Paralysed by Grinder for 6 turns
  4140 | D:3      | Killed Grinder
  4140 | D:3      | Reached skill level 6 in Earth Magic
  4140 | D:3      | Reached XP level 7. HP: 33/36 MP: 6/13
  4282 | D:4      | Found a transporter.
  4284 | D:4      | Noticed Sickboy's ghost (novice HOFi)
  4322 | D:4      | Found a transporter.
  4837 | D:5      | Entered Level 5 of the Dungeon
  4879 | D:5      | Noticed Edmund
  4888 | D:5      | Killed Edmund
  5004 | D:5      | Reached skill level 7 in Earth Magic
  5007 | D:5      | Reached skill level 5 in Spellcasting
  5114 | D:5      | Reached skill level 5 in Conjurations
  5114 | D:5      | Reached XP level 8. HP: 41/41 MP: 10/15
  5172 | D:5      | Found a sand-covered staircase.
  5193 | Ossuary  | Entered an ossuary
  5210 | Ossuary  | Slain by a mummy

Illustrated notes

Levels and vault maps discovered:
D:1:      onia_arrival_zoo_common, layout_basic, minmay_quantized
D:2:      minmay_chambers_of_twos, layout_basic
D:3:      layout_rooms, kennysheep_decorative_pillar, eino_curves_03,
          small_statue_intersection, uniq_sigmund
D:4:      layout_loops_ring, gammafunk_ghost_stat_death, uniq_grinder
D:5:      layout_basic, grunt_temple_overflow_holy_war,
          nicolae_ossuary_entry_false_entrances, uniq_edmund
Ossuary:  ossuary_zaba_flooded

Skill      XL: |  1  2  3  4  5  6  7 |
---------------+----------------------+-----
Earth Magic    | 4 5 6 7 |  7.4
Conjurations   | 1 3 5 |  5.2
Spellcasting   | 3 4 5 |  5.2
Dodging        | |  1.5
Stealth        | |  2.1
Transmutations | |  0.7

Action                   |  1- 3 |  4- 6 |  7- 9 || total
-------------------------+-------+-------+-------++-------
Melee: Mace              |   103 |    74 |    26 ||   203
       Unarmed           |    14 |       |       ||    14
 Cast: Sandblast         |    13 |    24 |    30 ||    67
Evoke: Wand              |       |       |     4 ||     4
  Use: Scroll            |       |    13 |       ||    13
       Potion            |       |       |     3 ||     3
 Stab: Sleeping          |     1 |     1 |     3 ||     5
Armor: Robe              |    45 |    31 |    11 ||    87
Dodge: Dodged            |    90 |    76 |    14 ||   180
Block: Other             |       |    17 |     9 ||    26

Table legend: (Time is in decaauts)
 A = Elapsed time spent in this place.
 B = Non-inter-level travel time spent in this place.
 C = Inter-level travel time spent in this place.
 D = Time resting spent in this place.
 E = Time spent auto-exploring this place.
 F = Levels seen in this place.
 G = Mean time per level.
                   A        B        C        D        E       F      G
               +--------+--------+--------+--------+--------+-----+--------+
         Total |   5289 |   5204 |     85 |   1137 |   3038 |   6 |  881.5 |
       Dungeon |   5270 |   5185 |     85 |   1137 |   3036 |   5 | 1054.0 |
       Ossuary |     19 |     19 |      0 |      0 |      2 |   1 |   19.0 |
               +--------+--------+--------+--------+--------+-----+--------+

Top non-repeatable levels by time:
     D:1: 2184 daAuts
     D:2: 1049 daAuts
     D:3: 1026 daAuts
     D:4: 653 daAuts
     D:5: 356 daAuts
 Ossuary: 19 daAuts
